 Dungeon Crawl Stone Soup version 0.26-a0-259-g1effd001a9 (webtiles) character file.

Game seed: 8313543772968516068

9546 raph the Destroyer (level 11, -13/61 HPs)
             Began as a Deep Elf Conjurer on July 19, 2020.
             Was a Priest of Kikubaaqudgha.
             Mangled by gruber's ghost (24 damage)
             ... on level 8 of the Dungeon.
             The game lasted 00:37:43 (13233 turns).

raph the Destroyer (Deep Elf Conjurer)             Turns: 13233, Time: 00:37:45

Health: -13/61     AC: 12    Str: 13    XL:     11   Next: 24%
Magic:  1/34       EV: 15    Int: 25    God:    Kikubaaqudgha [***...]
Gold:   616        SH:  0    Dex: 13    Spells: 1/26 levels left

rFire    . . .     SeeInvis +   E - +9 broad axe of Guile {venom, *Rage rPois Str+7 SInv}
rCold    + . .     Faith    .   (no shield)
rNeg     + . .     Spirit   .   A - +2 leather armour of Lethargy {MP+9}
rPois    +         Reflect  .   x - +0 helmet
rElec    .         Harm     .   t - +2 cloak
rCorr    .         Rnd*Rage +   I - +0 pair of gloves
MR       +....                  y - +1 pair of boots (curse)
Stlth    ++........             z - amulet of the acrobat
HPRegen  0.20/turn              F - ring of protection from cold
MPRegen  0.24/turn              G - ring of positive energy

@: no status effects
A: no striking features
a: Receive Corpses, Renounce Religion


You were on level 8 of the Dungeon.
You worshipped Kikubaaqudgha.
Kikubaaqudgha was most pleased with you.
You were not hungry.

You visited 1 branch of the dungeon, and saw 11 of its levels.

You collected 679 gold pieces.
You spent 63 gold pieces at shops.

Inventory:

Hand Weapons
 g - a +0 dagger
 j - a +1 dagger of draining
 E - the +9 broad axe of Guile (weapon) {venom, *Rage rPois Str+7 SInv}
   (You found it on level 7 of the Dungeon)

   It poisons the flesh of those it strikes.
   It affects your strength (+7).
   It protects you from poison.
   It lets you see invisible.
   It may make you go berserk in combat.
Missiles
 e - 210 stones (quivered)
 i - 12 boomerangs
 m - 52 poisoned darts
Armour
 t - a +2 cloak (worn)
 x - a +0 helmet (worn)
 y - a cursed +1 pair of boots (worn)
 A - the +2 leather armour of Lethargy (worn) {MP+9}
   (You found it on level 5 of the Dungeon)

   It affects your magic capacity (+9).
 D - +0 swamp dragon scales
 I - a +0 pair of gloves (worn)
Jewellery
 n - an uncursed ring of resist corrosion
 z - an amulet of the acrobat (around neck)
 F - a ring of protection from cold (left hand)
 G - a ring of positive energy (right hand)
Wands
 J - a wand of polymorph (9)
 K - a wand of iceblast (3)
Scrolls
 k - 4 scrolls of random uselessness
 u - 4 scrolls of remove curse
 C - a scroll of magic mapping
 H - 2 scrolls of teleportation
Potions
 a - a potion of degeneration {unknown}
 b - 6 potions of stabbing
 d - 4 potions of curing
 f - 2 potions of lignification
 h - 2 potions of mutation
 l - 2 potions of haste
 o - a potion of resistance {unknown}
 p - a potion of berserk rage {unknown}
 q - 2 potions of invisibility
 r - 2 potions of might
 s - 2 potions of heal wounds
 v - 2 potions of brilliance {unknown}
 w - a potion of ambrosia {unknown}
 B - a potion of flight {unknown}
Comestibles
 c - 29 rations


   Skills:
 + Level 4.0 Fighting
 - Level 1.3 Armour
 + Level 7.0 Dodging
 - Level 4.2 Stealth
 + Level 8.0 Spellcasting
 * Level 11.7 Conjurations
 - Level 4.9 Hexes
 + Level 6.6 Necromancy
 - Level 7.0 Translocations
 + Level 5.0 Fire Magic


You had one spell level left.
You knew the following spells:

 Your Spells              Type           Power        Failure   Level
a - Magic Dart            Conj           ####         1%          1
b - Searing Ray           Conj           ######       1%          2
c - Dazzling Flash        Conj/Hex       ######       1%          3
d - Iskenderun's Mystic   Conj/Tloc      ######..     1%          4
e - Fulminant Prism       Conj/Hex       ######....   2%          4
f - Animate Skeleton      Necr           #####.       1%          1
g - Conjure Flame         Conj/Fire      ######..     1%          3
h - Sublimation of Blood  Necr           #####.....   1%          2
i - Fireball              Conj/Fire      ######....   7%          5

Your spell library contained the following spells:

 Spells                   Type           Power        Failure   Level
 Foxfire                  Conj/Fire      ####         1%          1
 Pain                     Necr           ####         1%          1
 Vampiric Draining        Necr           #####.....   1%          3
 Sticky Flame             Conj/Fire      ######..     2%          4
 Inner Flame              Hex/Fire       ####....     3%          3
 Dispel Undead            Necr           #####...     4%          4
 Agony                    Necr           #####...     14%         5
 Borgnjor's Vile Clutch   Necr/Erth      ####......   50%         5
 Death Channel            Necr           #####.....   61%         6
 Simulacrum               Ice/Necr       ####......   97%         6


Dungeon Overview and Level Annotations

Branches:
Dungeon (11/15)            Temple (0/1) D:4            Lair (0/6) D:10
    Orc: D:9-12

Altars:
Cheibriados
Elyvilon
Fedhas
Kikubaaqudgha
Okawaru
Qazlal
Ru
Sif Muna
Uskayaw
Vehumet
Wu Jian
Yredelemnul

Shops:
D:5 [   D:11 =

Annotations:
D:8 gruber's ghost, novice FoFi
D:10 exclusion: orange crystal statue
D:11 3 runed translucent doors, sanka's ghost, journeyman HaEE


Message History

Aim: gruber's ghost (almost destroyed)
The searing ray misses gruber's ghost. (Press . to maintain the ray.) Gruber's ghost closely misses you.
You closely miss gruber's ghost.
Gruber's ghost is almost destroyed.
Gruber's ghost completely misses you. Gruber's ghost hits you!!
* * * LOW HITPOINT WARNING * * *
Casting: Searing Ray (safe; 1% risk of failure)
Confirm with . or Enter, or press ? or * to list all spells.
You don't have enough magic to cast that spell.
Gruber's ghost keens inconsolably.
Casting: Searing Ray (safe; 1% risk of failure)
Confirm with . or Enter, or press ? or * to list all spells.
You erupt in a blast of force!
The mystic blast hits gruber's ghost but does no damage.
Gruber's ghost is almost destroyed.
Gruber's ghost hits you!!
You die...
Kikubaaqudgha rasps: "You have failed me!
Welcome... death!"

#...#.#.#....................
#............................
##............................
#.............<....#..........
#..................##.........
#..................###........
#............>.....# ######.##
####..................#####......
#...............@...........##.#.
##..............W................
##..............#############.#.
#..##.........................#
##..##..........#########.......
#...###...........# #........
#.### #..##.......######........
#.# #.###.....................
##.#####.# #.......######........


You could see gruber's ghost.

Vanquished Creatures
  Harold (D:8)
  A two-headed ogre (D:9)
  Pikel (D:5)
  A necromancer (D:9)
  Maurice (D:9)
  Psyche (D:10)
  Maggie (D:6)
  A troll (D:9)
  Prince Ribbit (D:5)
  2 hippogriffs
  11 yaks
  Menkaure (D:6)
  Edmund (D:6)
  Duvessa (D:6)
  3 orc warriors
  A phantom (D:4)
  3 sky beasts
  2 ogres
  A necrophage (D:9)
  A centaur (D:10)
  2 lemures
  4 bullfrogs
  Dowan (D:6)
  2 scorpions (D:8)
  A water moccasin skeleton (D:9)
  2 jellies (D:10)
  10 killer bees (D:10)
  4 wights (D:9)
  5 howler monkeys
  A centaur zombie (D:10)
  2 quasits (D:8)
  5 orc priests
  A bullfrog zombie (D:8)
  9 hounds
  A bullfrog skeleton (D:7)
  Crazy Yiuf (D:5)
  A centaur skeleton (D:3)
  2 iguanas
  5 orc wizards
  7 worker ants
  3 polar bear simulacra (D:9)
  A yak simulacrum (D:9)
  A killer bee zombie (D:9)
  3 wolf simulacra (D:9)
  A hound zombie (D:8)
  A hound skeleton (D:5)
  3 gnolls (D:3)
  A howler monkey skeleton (D:5)
  10 adders
  2 shadow imps
  An ooze (D:1)
  An adder skeleton (D:8)
  4 worms
  3 dart slugs
  8 leopard geckos
  32 orcs
  A ball python (D:3)
  5 giant cockroaches
  12 goblins
  7 hobgoblins
  8 kobolds
  3 quokkas
  4 bats
  9 frilled lizards
  A giant cockroach zombie (D:5)
  A jackal zombie (D:5)
  9 rats
  4 river rat simulacra (D:9)
241 creatures vanquished.

Vanquished Creatures (others)
  23 fulminant prisms
  2 plants (D:9)
25 creatures vanquished.

Grand Total: 266 creatures vanquished

Notes
Turn   | Place    | Note
-------+----------+-------------------------------------------
     0 | D:1      | raph the Deep Elf Conjurer began the quest for the Orb.
     0 | D:1      | Reached XP level 1. HP: 10/10 MP: 6/6
   260 | D:1      | Reached XP level 2. HP: 15/15 MP: 6/8
   427 | D:1      | Learned a level 2 spell: Searing Ray
   921 | D:1      | Reached XP level 3. HP: 19/19 MP: 7/9
  1238 | D:2      | Learned a level 3 spell: Dazzling Flash
  1420 | D:2      | Reached skill level 5 in Conjurations
  1988 | D:2      | Reached XP level 4. HP: 24/24 MP: 11/11
  2457 | D:3      | Reached skill level 1 in Hexes
  2875 | D:3      | Reached XP level 5. HP: 28/28 MP: 10/13
  2968 | D:3      | Found a blossoming altar of Fedhas.
  2974 | D:3      | Learned a level 4 spell: Iskenderun's Mystic Blast
  3462 | D:3      | Reached skill level 1 in Translocations
  3500 | D:3      | Found a faded altar of an unknown god.
  3969 | D:4      | Noticed an ogre
  3975 | D:4      | Killed an ogre
  3975 | D:4      | Reached skill level 6 in Conjurations
  3975 | D:4      | Reached XP level 6. HP: 32/32 MP: 9/14
  4091 | D:4      | Found a snail-covered altar of Cheibriados.
  4309 | D:4      | Found an ancient bone altar of Kikubaaqudgha.
  4314 | D:4      | Became a worshipper of Kikubaaqudgha
  4835 | D:4      | Found a shimmering blue altar of Sif Muna.
  4868 | D:4      | Found a white marble altar of Elyvilon.
  4878 | D:4      | Reached skill level 7 in Conjurations
  4915 | D:4      | Reached XP level 7. HP: 36/36 MP: 12/15
  5198 | D:4      | Learned a level 4 spell: Fulminant Prism
  5346 | D:4      | Found a staircase to the Ecumenical Temple.
  5443 | D:5      | Entered Level 5 of the Dungeon
  5443 | D:5      | Found a hide-covered altar of Uskayaw.
  5443 | D:5      | Noticed a +0 hand axe
  5443 | D:5      | Noticed a -1 hand axe
  5443 | D:5      | Noticed Prince Ribbit
  5448 | D:5      | Killed Prince Ribbit
  5448 | D:5      | Reached skill level 5 in Translocations
  5506 | D:5      | Reached skill level 8 in Conjurations
  5635 | D:5      | Reached skill level 1 in Necromancy
  5663 | D:5      | Noticed Pikel
  5843 | D:5      | Reached XP level 8. HP: 41/41 MP: 12/16
  6018 | D:5      | Found Myoforph's Armour Emporium.
  6026 | D:5      | Bought a +0 helmet for 63 gold pieces
  6071 | D:5      | Killed Pikel
  6255 | D:5      | Found an iron altar of Okawaru.
  6390 | D:5      | Got a shimmering leather armour
  6401 | D:5      | Identified the +2 leather armour of Lethargy {MP+9} (You
                  | found it on level 5 of the Dungeon)
  6492 | D:5      | Found a basalt altar of Yredelemnul.
  6492 | D:5      | Found an ornate altar of the Wu Jian Council.
  6537 | D:5      | Found a runed translucent door.
  6538 | D:5      | Noticed Crazy Yiuf
  6543 | D:5      | Killed Crazy Yiuf
  6654 | D:5      | Reached skill level 9 in Conjurations
  6797 | D:6      | Noticed Maggie
  6814 | D:6      | Killed Maggie
  6819 | D:5      | Reached XP level 9. HP: 40/46 MP: 7/17
  6930 | D:6      | Reached * piety under Kikubaaqudgha
  6930 | D:6      | Identified Kikubaaqudgha's Disquisition on Stolen Souls
                  | (Kikubaaqudgha gifted it to you on level 6 of the Dungeon)
  6930 | D:6      | Received a gift from Kikubaaqudgha
  6947 | D:6      | Noticed Duvessa
  6948 | D:6      | Learned a level 1 spell: Animate Skeleton
  6955 | D:6      | Killed Duvessa
  6955 | D:6      | Reached skill level 1 in Fighting
  6955 | D:6      | Reached skill level 1 in Armour
  7001 | D:6      | Noticed Dowan
  7003 | D:6      | Killed Dowan
  7138 | D:6      | Noticed Edmund
  7153 | D:6      | Killed Edmund
  7375 | D:6      | Noticed Menkaure
  7382 | D:6      | Killed Menkaure
  7382 | D:6      | Reached skill level 5 in Spellcasting
  7495 | D:6      | Learned a level 3 spell: Conjure Flame
  7766 | D:6      | Found a sacrificial altar of Ru.
  7847 | D:7      | Got a jewelled broad axe
  7848 | D:7      | Identified the +9 broad axe of Guile {venom, *Rage rPois
                  | Str+7 SInv} (You found it on level 7 of the Dungeon)
  8175 | D:7      | Reached skill level 1 in Fire Magic
  8509 | D:7      | Found a stormy altar of Qazlal.
  8542 | D:8      | Noticed Harold
  8651 | D:7      | Reached skill level 10 in Conjurations
  8809 | D:8      | Found a radiant altar of Vehumet.
  8853 | D:8      | Reached skill level 5 in Dodging
  9001 | D:8      | Learned a level 2 spell: Sublimation of Blood
  9047 | D:8      | Noticed gruber's ghost (novice FoFi)
  9077 | D:8      | Reached XP level 10. HP: 54/54 MP: 16/21
  9193 | D:8      | Found a runed translucent door.
  9314 | D:8      | Killed Harold
  9314 | D:8      | Reached ** piety under Kikubaaqudgha
  9314 | D:8      | Reached skill level 5 in Necromancy
 10255 | D:9      | Noticed a two-headed ogre
 10288 | D:9      | Killed a two-headed ogre
 10694 | D:9      | Reached skill level 11 in Conjurations
 10810 | D:9      | Noticed Maurice
 10834 | D:9      | Killed Maurice
 11007 | D:9      | Noticed a necromancer
 11012 | D:9      | Killed a necromancer
 11512 | D:10     | Entered Level 10 of the Dungeon
 11561 | D:10     | Reached XP level 11. HP: 50/60 MP: 20/24
 11640 | D:10     | Noticed Psyche
 11644 | D:10     | Killed Psyche
 11847 | D:10     | Found a staircase to the Lair.
 12109 | D:10     | Noticed an orange crystal statue
 12383 | D:10     | Reached *** piety under Kikubaaqudgha
 12383 | D:10     | Identified Kikubaaqudgha's Grimoire of Unholy Secrets
                  | (Kikubaaqudgha gifted it to you on level 10 of the Dungeon)
 12383 | D:10     | Received a gift from Kikubaaqudgha
 12483 | D:10     | Learned a level 5 spell: Fireball
 12765 | D:10     | Reached skill level 5 in Fire Magic
 13099 | D:11     | Found Zojut's Jewellery Emporium.
 13099 | D:11     | Found a runed translucent gate.
 13099 | D:11     | Found a runed translucent gate.
 13100 | D:11     | Found a runed translucent gate.
 13104 | D:11     | Found the +10 Black Knight's horse barding {ponderous,
                  | rPois rN+}
 13104 | D:11     | Noticed sanka's ghost (journeyman HaEE)
 13233 | D:8      | Mangled by gruber's ghost

Illustrated notes

Levels and vault maps discovered:
D:1:      lemuel_arrival_funnel, layout_basic
D:2:      layout_loops_corners, kennysheep_decorative_pillar
D:3:      layout_basic, fedhas_altar_1, chequers_ecumenical_altar_island,
          first_ration
D:4:      layout_basic, kennysheep_little_box, old_standard_altar,
          lemuel_coloured_pillars_altar, temple_green, led_sif_book
D:5:      layout_gridville, dancing_weapons_uskayaw,
          nicolae_overflow_crystal_walls, amethyst_overflow_temple_binary,
          serial_shops, shop, minmay_misc_feat_four_crosses, uniq_pikel,
          uniq_prince_ribbit1, uniq_crazy_yiuf_cottage
D:6:      layout_rooms, minivault_19, nicolae_ru_path_of_blood, uniq_duvessa,
          uniq_menkaure, uniq_maggie, uniq_edmund
D:7:      layout_gridville, nicolae_qazlal_style_of_elements
D:8:      layout_rooms, lemuel_crystal_altar, hellmonk_ghost_happy_afterlife,
          uniq_harold
D:9:      layout_basic, eino_house_with_fridge, uniq_maurice
D:10:     layout_gridville, lair_entry_dummy, minivault_16, uniq_psyche
D:11:     layout_loops_ring, erik_orc_4, serial_shops, shop_statue, shop,
          shop_fountains, shop, nicolae_shop_behind_doors,
          gammafunk_ghost_spectres

Skill      XL: |  1  2  3  4  5  6  7  8  9 10 11 |
---------------+----------------------------------+-----
Stealth        | 3 4 |  4.2
Dodging        | 3 5 6 7 |  7.0
Conjurations   | 5 6 7 8 9 10 11 | 11.7
Hexes          | 2 4 |  4.9
Spellcasting   | 4 6 7 8 |  8.0
Translocations | 2 3 5 6 7 |  7.0
Necromancy     | 1 3 4 6 |  6.6
Fighting       | 2 3 4 |  4.0
Armour         | 1 |  1.3
Fire Magic     | 2 4 5 |  5.0

Action                   |  1- 3 |  4- 6 |  7- 9 | 10-12 || total
-------------------------+-------+-------+-------+-------++-------
Melee: Dagger            |     6 |     6 |     8 |       ||    20
       Broad axe         |       |       |     6 |    25 ||    31
 Cast: Magic Dart        |    37 |    43 |    62 |    22 ||   164
       Searing Ray       |    18 |    27 |    54 |    41 ||   140
       Dazzling Flash    |       |     1 |       |       ||     1
       Fulminant Prism   |       |       |    13 |    10 ||    23
       Iskenderun's Myst |       |       |     8 |    24 ||    32
       Animate Skeleton  |       |       |     5 |     3 ||     8
       Conjure Flame     |       |       |       |     6 ||     6
       Fireball          |       |       |       |     5 ||     5
       Sublimation of Bl |       |       |       |     1 ||     1
  Use: Scroll            |       |    10 |     6 |     1 ||    17
 Stab: Sleeping          |     2 |     3 |     1 |       ||     6
  Eat: Ration            |     1 |     3 |     4 |     3 ||    11
Armor: Robe              |     2 |     5 |       |       ||     7
       Leather armour    |       |       |    12 |    14 ||    26
Dodge: Dodged            |     4 |    15 |    37 |    67 ||   123

Table legend:
 A = Non-vault XP
 B = Vault XP
 C = Vault XP percentage of total XP
 D = Non-vault monster count
 E = Vault monster count
 F = Vault count percentage of total count
                 A         B        C        D         E       F
            +---------+---------+-------+---------+---------+-------
      Total |    8972 |    4666 |  34.2 |     214 |      25 |  10.5
            +---------+---------+-------+---------+---------+-------
        D:1 |      42 |       0 |   0.0 |      23 |       0 |   0.0
        D:2 |      87 |       0 |   0.0 |      30 |       0 |   0.0
        D:3 |     158 |       0 |   0.0 |      30 |       0 |   0.0
        D:4 |     577 |      70 |  10.8 |      21 |       2 |   8.7
        D:5 |     483 |     981 |  67.0 |      16 |       3 |  15.8
        D:6 |     325 |     946 |  74.4 |      10 |       5 |  33.3
        D:7 |     723 |       0 |   0.0 |      11 |       0 |   0.0
        D:8 |    1338 |    1034 |  43.6 |      28 |       1 |   3.4
        D:9 |    2813 |    1240 |  30.6 |      19 |      13 |  40.6
       D:10 |    2426 |     395 |  14.0 |      26 |       1 |   3.7
            +---------+---------+-------+---------+---------+-------
